 Dungeon Crawl Stone Soup version 0.29-a0-43-g62a80824bf (webtiles) character file.

Game seed: 17751456201547260074

104 Heh the Chopper (level 4, -3/31 HPs)
             Began as an Octopode Berserker on Feb 3, 2022.
             Was a Believer of Trog.
             Slain by an orc (8 damage)
             ... on level 3 of the Dungeon.
             The game lasted 00:01:50 (3198 turns).

Heh the Chopper (Octopode Berserker)                Turns: 3198, Time: 00:01:52

Health: -3/31      AC:  1    Str: 16    XL:     4   Next: 80%
Magic:  4/4        EV: 13    Int:  9    God:    Trog [**....]
Gold:   73         SH:  0    Dex: 13    Spells: 3/3 levels left

rFire   . . .      SeeInvis .   a - +0 hand axe
rCold   + . .      Faith    .   (no shield)
rNeg    . . .      Spirit   .   (helmet restricted)
rPois   .          Reflect  .   (no amulet)
rElec   .          Harm     .   e - ring of protection from cold
rCorr   .          Rampage  .   (no ring)
Will    .....                   (no ring)
Stlth   ++........              (no ring)
HPRegen 0.10/turn               (no ring)
MPRegen 0.09/turn               (no ring)
                                (no ring)
                                (no ring)

@: no status effects
A: almost no armour, amphibious, 8 rings, camouflage 1, gelatinous body 1,
(nimble swimmer 1), tentacles
a: Renounce Religion, Berserk, Trog's Hand


You were on level 3 of the Dungeon.
You worshipped Trog.
Trog was pleased with you.
You visited 1 branch of the dungeon, and saw 3 of its levels.

You collected 73 gold pieces.

Inventory:

Hand Weapons
 a - a +0 hand axe (weapon)
Missiles
 f - 14 poisoned darts (quivered)
 i - 2 javelins
Jewellery
 e - a ring of protection from cold (left tentacle)
Scrolls
 c - 3 scrolls of identify {unknown}
 d - a scroll of acquirement {unknown}
Potions
 b - a potion of curing {unknown}
 g - a potion of heal wounds {unknown}
 h - 2 potions of ambrosia {unknown}
 j - a potion of brilliance {unknown}


   Skills:
 - Level 3.1 Fighting
 * Level 5.3 Axes
 - Level 3.0 Dodging


You had 3 spell levels left.
You didn't know any spells.
Your spell library was empty.

Dungeon Overview and Level Annotations

Branches:
Dungeon (3/15)

Altars:
Hepliaklqana

Annotations:
D:3 1 runed translucent door, Crazy Yiuf


Innate Abilities, Weirdness & Mutations

You cannot wear most types of armour.
You are amphibious.
You can wear up to eight rings at the same time.
Your skin changes colour to match your surroundings (Stealth+).
Your rubbery body absorbs attacks. (AC +1, EV +1)
((You are camouflaged when in or above water. (Stealth+)))
You have tentacles for arms and can constrict up to eight enemies at once.


Message History

You slash the orc!
You kill the orc!
Trog accepts your kill.
You barely miss the orc. The orc misses you.
You hit the orc priest but do no damage.
Your grab misses the orc priest. You closely miss the orc.
The orc priest hits you with a +1 vorpal hand axe!
The orc hits you with a +0 mace!
You are too injured to fight recklessly!
You are too injured to fight recklessly!
You are too injured to fight recklessly!
You are too injured to fight recklessly!
You are too injured to fight recklessly!
You are too injured to fight recklessly!
You are too injured to fight recklessly!
You are too injured to fight recklessly!
You are too injured to fight recklessly!
You are too injured to fight recklessly!
There are monsters nearby!
There are monsters nearby!
Unknown command.
You hit the orc priest. Your grab misses the orc priest.
Your tentacle-slap misses the orc priest.
Your squeeze misses the orc priest.
The orc priest is heavily wounded.
You closely miss the orc. The orc priest barely misses you.
The orc hits you with a +0 mace.
You hit the orc priest but do no damage.
You grab the orc priest.
The orc priest is heavily wounded.
You hit the orc but do no damage. You constrict the orc priest.
The orc priest hits you with a +1 vorpal hand axe.
The orc barely misses you.
You hit the orc. Your grab misses the orc. You tentacle-slap the orc.
The orc is almost dead.
You hit the orc priest. You constrict the orc priest.
The orc priest hits you with a +1 vorpal hand axe.
* * * LOW HITPOINT WARNING * * *
x2 The orc hits you with a +0 mace!
You die...

....# #.......#...#
....######
#.###.....#.#
.........# #.#
#.#.#.#.# .....###.#
#.# #.#.#.#.#
#'######.# #.#
#.#.#.#.# #........#
######.# #.#.#.#.#
########## #......#
#.#.#.#.#
#.####'###.#.#.#.#
######
#@##.......#.#.#.#
.....#
#.oo##.......#.#.#.#
.....#
#..l##.....†.#.#.#.#
.....#
#...##..)....#.#.#.#
.....#
#...##.......#...#.#
[....#
###..+.......#####.#
###### ...#......##
#.# ...######## #[#
#.#


You could see an orc priest, an orc and a frilled lizard.

Vanquished Creatures
  3 adders
  2 worms
  A dart slug (D:3)
  2 orcs (D:3)
  3 ball pythons
  3 bats
  6 endoplasms
  A giant cockroach (D:2)
  9 goblins
  7 hobgoblins
  7 jackals
  7 kobolds
  2 quokkas
  A frilled lizard (D:3)
  5 rats
59 creatures vanquished.

Notes
Turn   | Place    | Note
-------+----------+-------------------------------------------
     0 | D:1      | Heh the Octopode Berserker began the quest for the Orb.
     0 | D:1      | Reached XP level 1. HP: 16/16 MP: 1/1
   346 | D:1      | Reached XP level 2. HP: 21/21 MP: 2/2
   604 | D:1      | Found a faded altar of an unknown god.
  1190 | D:2      | Reached skill level 4 in Axes
  1236 | D:2      | Reached XP level 3. HP: 24/26 MP: 3/3
  1530 | D:2      | Reached ** piety under Trog
  1684 | D:2      | Reached XP level 4. HP: 13/31 MP: 4/4
  2363 | D:3      | Reached skill level 5 in Axes
  2635 | D:3      | Found a hazy altar of Hepliaklqana.
  2678 | D:3      | Found a runed translucent door.
  2679 | D:3      | Noticed Crazy Yiuf
  3198 | D:3      | Slain by an orc

Illustrated notes

Levels and vault maps discovered:
D:1:      lightli_arrival_statue_moat, layout_loops_corners,
          shapermc_ecumenical_altar_hornbeckon, minmay_misc_feat_cross,
          grunt_decor_cap
D:2:      layout_basic
D:3:      layout_basic, lemuel_doored_altar, uniq_crazy_yiuf_cottage,
          uniq_sigmund

Skill      XL: |  1  2  3  4 |
---------------+-------------+-----
Axes           | 4 5 |  5.3
Fighting       | |  3.1
Dodging        | |  3.0

Action                   |  1- 3 |  4- 6 || total
-------------------------+-------+-------++-------
Melee: Hand axe          |    55 |    48 ||   103
       Constrict         |    13 |    15 ||    28
       Tentacles         |     9 |    17 ||    26
       Punch             |       |     1 ||     1
 Stab: Sleeping          |     9 |     3 ||    12
Armor: Skin              |     6 |     1 ||     7
Dodge: Dodged            |    39 |    27 ||    66

Table legend: (Time is in decaauts)
 A = Elapsed time spent in this place.
 B = Non-inter-level travel time spent in this place.
 C = Inter-level travel time spent in this place.
 D = Time resting spent in this place.
 E = Time spent auto-exploring this place.
 F = Levels seen in this place.
 G = Mean time per level.
                   A        B        C        D        E       F      G
               +--------+--------+--------+--------+--------+-----+--------+
         Total |   3205 |   3187 |     18 |    196 |   2670 |   3 | 1068.3 |
       Dungeon |   3205 |   3187 |     18 |    196 |   2670 |   3 | 1068.3 |
               +--------+--------+--------+--------+--------+-----+--------+

Top non-repeatable levels by time:
     D:2: 1212 daAuts
     D:1: 1154 daAuts
     D:3: 839 daAuts
